 Dungeon Crawl Stone Soup version 0.16-a0-747-geaeaf20 (webtiles) character file.

130 Ololoev the Vexing (level 4, -3/21 HPs)
             Began as a Spriggan Enchanter on Sept 23, 2014.
             Was an Initiate of Okawaru.
             Killed from afar by an orc wizard (8 damage)
             ... with a magic dart
             ... on Level 4 of the Dungeon.
             The game lasted 00:11:15 (3735 turns).

Ololoev the Vexing (Spriggan Enchanter)             Turns: 3735, Time: 00:11:15

HP  -3/21        AC  4     Str  5      XL: 4   Next: 89%
MP  14/14        EV 18     Int 16      God: Okawaru [......]
Gold 209         SH  0     Dex 16      Spells:  3 memorised,  5 levels left

rFire  . . .     SeeInvis +     a - +1 dagger
rCold  . . .     Clarity  .     b - +1 robe
rNeg   . . .     rCorr    .     (shield restricted)
rPois  .         rRot     .     (helmet restricted)
rElec  .         Spirit   .     h - +0 cloak
SustAb .         Warding  .     (gloves unavailable)
rMut   .         Stasis   .     (boots unavailable)
Gourm  .                        (no amulet)
MR     .....                    (no ring)
                                (no ring)

@: slowed, quick, not resistant to hostile enchantments, fairly stealthy
A: unfitting armour, see invisible, herbivore 3, speed 3, slow metabolism 2
a: Renounce Religion


You were on level 4 of the Dungeon.
You worshipped Okawaru.
Okawaru was noncommittal.
You were not hungry.

You visited 1 branch of the dungeon, and saw 4 of its levels.

You collected 209 gold pieces.

Inventory:

Hand weapons
 a - a +1 dagger (weapon)
 d - a +1 vampiric dagger
Armour
 b - a +1 robe (worn)
 h - a +0 cloak (worn)
 o - a +0 buckler
Comestibles
 p - a bread ration
Scrolls
 e - 3 scrolls of fog {unknown}
 f - 3 scrolls of identify {unknown}
 i - a scroll of amnesia {unknown}
 j - 2 scrolls of teleportation {unknown}
 l - a scroll of fear {unknown}
 m - a scroll of enchant armour {unknown}
 n - 3 scrolls of remove curse {unknown}
Potions
 g - a potion of magic
 k - a potion of berserk rage {unknown}
Books
 c - a book of Maledictions

   Spells                             Type                      Level
   *Corona                            Hexes                        1
   *Sure Blade                        Hexes/Charms                 2
   *Ensorcelled Hibernation           Hexes/Ice                    2
   Confuse                            Hexes                        3
   Dazzling Spray                     Conjuration/Hexes            3
   Enslavement                        Hexes                        4


   Skills:
 - Level 0.2 Fighting
 - Level 1.1 Short Blades
 - Level 3.0 Dodging
 - Level 4.4 Stealth
 * Level 3.6 Spellcasting
 + Level 5.8 Hexes
 - Level 1.1 Ice Magic


You had 5 spell levels left.
You knew the following spells:

 Your Spells              Type           Power        Failure   Level  Hunger
a - Corona                Hex            ###....      1%          1    None
b - Ensorcelled Hibernat  Hex/Ice        ##....       10%         2    ##.....
c - Sure Blade            Hex/Chrm       ##........   10%         2    ##.....


Dungeon Overview and Level Annotations

Branches:
Dungeon (4/15)
 Temple: D:4-7

Altars:
Gozag
Okawaru
Zin

Annotations:
D:4 Eustachio


Innate Abilities, Weirdness & Mutations

You are tiny and cannot use many weapons and most armour.
You have supernaturally acute eyesight.
You are a herbivore.
You cover ground extremely quickly.
You need consume almost no food.


Message History

The orc completely misses you.
You barely miss the orc.
The orc is severely wounded.
The orc wizard casts a spell.
The orc wizard blinks!
The orc misses you.
You barely miss the orc.
The orc is severely wounded.
The orc wizard casts a spell at you.
You feel yourself slow down.
The orc wizard gestures wildly while chanting.
The orc wizard blinks!
The orc wizard gestures at you while chanting.
The magic dart hits you!
Ouch! That really hurt!
The orc wizard gestures at you while chanting.
The magic dart hits you!
* * * LOW HITPOINT WARNING * * *
The orc wizard gestures at you while chanting.
The magic dart hits you!
You die...

###.#######.##### .
....$...>oo.o.ยง...
########o###o###.#
#.....@....#
#.######.#o# #.#
#.#.# #.# #.# . #.#
#.# ## #.# #.. #.#
### #.# #.#


You could see an orc wizard and 3 orcs.

Vanquished Creatures
  2 adders (D:2)
  8 worms
  2 giant geckos (D:1)
  2 oozes
  An orc (D:4)
  2 ball pythons
  6 hobgoblins
  6 jackals
  A kobold (D:1)
  3 quokkas
  11 bats
  4 giant cockroaches
  3 giant newts (D:1)
  7 goblins
  4 rats
62 creatures vanquished.

Notes
Turn   | Place    | Note
--------------------------------------------------------------
     0 | D:1      | Ololoev, the Spriggan Enchanter, began the quest for the Orb.
     0 | D:1      | Reached XP level 1. HP: 9/9 MP: 4/4
   252 | D:1      | Reached XP level 2. HP: 13/13 MP: 3/7
   258 | D:1      | Learned a level 2 spell: Ensorcelled Hibernation
   271 | D:1      | Learned a level 2 spell: Sure Blade
  1022 | D:2      | Reached XP level 3. HP: 12/16 MP: 1/9
  1178 | D:2      | Reached skill level 5 in Hexes
  1913 | D:2      | Reached skill level 1 in Ice Magic
  2126 | D:2      | Reached XP level 4. HP: 21/21 MP: 9/12
  2186 | D:2      | Found an opulent altar of Gozag.
  2348 | D:2      | Found a glowing silver altar of Zin.
  2349 | D:2      | Noticed an angel
  2900 | D:3      | Found an iron altar of Okawaru.
  2910 | D:3      | Became a worshipper of Warmaster Okawaru
  3587 | D:4      | Noticed Eustachio
  3735 | D:4      | Killed from afar by an orc wizard

Action                   |  1- 3 |  4- 6 || total
-------------------------+-------+-------++-------
Melee: Dagger            |   117 |   117 ||   234
 Cast: Corona            |     5 |       ||     5
       Ensorcelled Hiber |    20 |    12 ||    32
       Sure Blade        |     1 |     1 ||     2
  Use: Potion            |     4 |     1 ||     5
 Stab: Sleeping          |    12 |    12 ||    24
